 Dungeon Crawl Stone Soup version 0.29-a0-757-g358383bc75 (webtiles) character file.

Game seed: 6086069775151666059

23 wilfster70 the Digger (level 2, -2/15 HPs)
             Began as a Gargoyle Earth Elementalist on June 30, 2022.
             Slain by Terence
             ... wielding a +0 hand axe
              (7 damage)
             ... on level 2 of the Dungeon.
             The game lasted 00:02:19 (804 turns).

wilfster70 the Digger (Gargoyle Earth Elementalist)  Turns: 804, Time: 00:02:20

Health: -2/15      AC:  5    Str: 11    XL:     2   Next: 95%
Magic:  3/5        EV: 11    Int: 15    God:
Gold:   63         SH:  0    Dex: 10    Spells: 4/5 levels left

rFire   + . .      SeeInvis .   (no weapon)
rCold   . . .      Faith    .   (no shield)
rNeg    + . .      Spirit   .   a - +0 robe
rPois   ∞          Reflect  .   c - +0 helmet
rElec   +          Harm     .   (no cloak)
rCorr   .          Rampage  .   (no gloves)
Will    .....                   (no boots)
Stlth   ++........              (no amulet)
HPRegen 0.05/turn               h - ring of protection from fire
MPRegen 0.09/turn               (no ring)

@: no status effects
A: sickness immunity, AC +2, negative energy resistance 1, electricity
resistance, torment resistance 1, petrification resistance
a: no special abilities


You were on level 2 of the Dungeon.
You visited 1 branch of the dungeon, and saw 2 of its levels.

You collected 63 gold pieces.

Inventory:

Armour
 a - a +0 robe (worn)
 c - a +0 helmet (worn)
Jewellery
 h - a ring of protection from fire (left hand)
Potions
 b - a potion of magic
 e - 2 potions of haste
 f - a potion of curing
 g - a potion of invisibility {unknown}


   Skills:
 - Level 1.5 Dodging
 - Level 2.1 Stealth
 + Level 2.4 Spellcasting
 - Level 0.7 Transmutations
 * Level 4.5 Earth Magic


You had 4 spell levels left.
You knew the following spells:

 Your Spells              Type           Power      Damage    Failure   Level
a - Sandblast             Erth           30%        2d9       3%          1

Your spell library contained the following spells:

 Spells                   Type           Power      Damage    Failure   Level
 Passwall                 Tmut/Erth      7%         N/A       11%         2
 Stone Arrow              Conj/Erth      16%        3d8       26%         3
 Petrify                  Tmut/Erth      9%         N/A       58%         4


Dungeon Overview and Level Annotations

Branches:
Dungeon (2/15)

Altars:

Annotations:
D:2 Terence


Innate Abilities, Weirdness & Mutations

You are immune to sickness and miasma.
Your stone body is resilient. (AC +2)
You are immune to poison.
You resist negative energy. (rN+)
You are resistant to electric shocks. (rElec)
You are resistant to unholy torment.
You are immune to petrification.


Message History

You see here a scroll of identify.
Found 17 gold pieces.
Casting: Sandblast (safe; 3% risk of failure)
Confirm with . or Enter, or press ? or * to list all spells.
Aiming: Sandblast (safe; 3% risk of failure)
Press: ? - help, Shift-Dir - straight line, f - hobgoblin
Aim: a hobgoblin (79% to hit)
The blast of sand hits the hobgoblin!
You kill the hobgoblin!
r - a scroll of identify
As you read the scroll of identify, it crumbles to dust.
f - a potion of curing
As you read the scroll labelled HIUDERAOSAF, it crumbles to dust.
You feel aware of your surroundings.
You sensed 1 altar.
It was a scroll of magic mapping.
You see here a hobgoblin corpse.
You now have 63 gold pieces (gained 17).
Terence the Incautious comes into view.
He is wielding a +0 hand axe, wearing a +1 scale mail of willpower and carrying a wand of quicksilver (4).
Terence shouts!
Terence zaps a wand.
The bolt of dispelling energy misses you.
Casting: Sandblast (safe; 3% risk of failure)
Confirm with . or Enter, or press ? or * to list all spells.
Aiming: Sandblast (safe; 3% risk of failure)
Press: ? - help, Shift-Dir - straight line, f - Terence
Aim: Terence, wielding a +0 hand axe, wearing a +1 scale mail of willpower and carrying a wand of quicksilver (3) (82% to hit)
The blast of sand hits Terence.
Terence is lightly wounded.
Terence drinks a potion.
Terence goes berserk!
Casting: Sandblast (safe; 3% risk of failure)
Confirm with . or Enter, or press ? or * to list all spells.
Aiming: Sandblast (safe; 3% risk of failure)
Press: ? - help, Shift-Dir - straight line, f/p - Terence
Aim: Terence, wielding a +0 hand axe, wearing a +1 scale mail of willpower and carrying a wand of quicksilver (3) (lightly wounded, berserk, 82% to hit)
The blast of sand misses Terence.
Terence rages.
Terence hits you with a +0 hand axe!
Ouch! That really hurt!
Terence hits you with a +0 hand axe!
You die...

***** ***** *#######**,,,**
*...#######.......,,,,,,,
**
*......@@...######**,,,*,
,*
*...#####.........,,,,,,,
,*********,**
##.######.,,,,**,
,,,,,,,,,,,* ##.##
*,**,***,
**********.######...#
*,**,***, ##**..........#
*,**,,,,, #.,,..........#
*,**,,,,,
#.#*.########.#####.##,,,<,
#.#*,*#### #..........,***,


You could see Terence (berserk).

Vanquished Creatures
  An adder (D:2)
  2 ball pythons (D:1)
  3 endoplasms
  A goblin (D:1)
  A hobgoblin (D:2)
  2 kobolds
  2 bats (D:1)
  A frilled lizard (D:1)
13 creatures vanquished.

Vanquished Creatures (others)
  A plant (D:1)
1 creature vanquished.

Grand Total: 14 creatures vanquished

Notes
Turn   | Place    | Note
-------+----------+-------------------------------------------
     0 | D:1      | wilfster70 the Gargoyle Earth Elementalist began the quest
                  | for the Orb.
     0 | D:1      | Reached XP level 1. HP: 10/10 MP: 3/3
   301 | D:1      | Reached skill level 4 in Earth Magic
   315 | D:1      | Found a faded altar of an unknown god.
   347 | D:1      | Reached XP level 2. HP: 15/15 MP: 3/5
   799 | D:2      | Noticed Terence
   804 | D:2      | Slain by Terence

Illustrated notes

Levels and vault maps discovered:
D:1:      minmay_arrival_stair_chambers, layout_loops_ring,
          dilly_ecumenical_altar_fadedgnrine, serial_park_tiny_pond
D:2:      cheibrodos_helix_gallery, layout_loops_ring, basic_altar,
          minmay_pentomino_w2, uniq_jessica, uniq_terence

Skill      XL: |  1 |
---------------+----+-----
Earth Magic    | 4 |  4.5
Dodging        | |  1.5
Stealth        | |  2.1
Spellcasting   | |  2.4
Transmutations | |  0.7

Action                   || total
-------------------------++-------
Melee: Unarmed           ||     5
 Cast: Sandblast         ||    18
  Use: Scroll            ||     7
Armor: Robe              ||     3
Dodge: Dodged            ||     5

Table legend: (Time is in decaauts)
 A = Elapsed time spent in this place.
 B = Non-inter-level travel time spent in this place.
 C = Inter-level travel time spent in this place.
 D = Time resting spent in this place.
 E = Time spent auto-exploring this place.
 F = Levels seen in this place.
 G = Mean time per level.
                   A        B        C        D        E       F      G
               +--------+--------+--------+--------+--------+-----+--------+
         Total |    821 |    806 |     15 |     28 |    445 |   2 |  410.5 |
       Dungeon |    821 |    806 |     15 |     28 |    445 |   2 |  410.5 |
               +--------+--------+--------+--------+--------+-----+--------+

Top non-repeatable levels by time:
     D:1: 694 daAuts
     D:2: 127 daAuts
